 Dungeon Crawl Stone Soup version 0.30-a0-371-gad7725a93e (webtiles) character file.

Game seed: 16342549960859122169

2138 jfcaron the Poker (level 9, -5/70 HPs)
             Began as a Gnoll Reaver on Nov 21, 2022.
             Was an Initiate of Ru.
             Slain by an iguana (10 damage)
             ... on level 6 of the Dungeon.
             The game lasted 00:15:04 (6283 turns).

jfcaron the Poker (Gnoll Reaver)                    Turns: 6283, Time: 00:15:04

Health: -5/70      AC: 11    Str: 13    XL:     9   Next: 30%
Magic:  19/19      EV:  8    Int: 15    God:    Ru [......]
Gold:   318        SH:  0    Dex:  9    Spells: 21/21 levels left

rFire   + . .      SeeInvis .    B - +1 trident (freeze)
rCold   + . .      Faith    .    (no shield)
rNeg    . . .      Spirit   .    l - +0 plate armour
rPois   .          Reflect  .    (no helmet)
rElec   .          Harm     .    y - scarf {rC+ rF+}
rCorr   .          Rampage  .    (no gloves)
Will    .....                    (no boots)
Stlth   ..........               (no amulet)
HPRegen 0.31/turn                D - +4 ring of evasion
MPRegen 0.16/turn                (no ring)

@: no status effects
A: fangs 1, clumsy 1, strong nose, distributed training
a: Renounce Religion


You were on level 6 of the Dungeon.
You worshipped Ru.
Ru was noncommittal.
You visited 2 branches of the dungeon, and saw 7 of its levels.

You collected 318 gold pieces.

Inventory:

Hand Weapons
 c - a +1 short sword of holy wrath
 m - a +0 sling
 o - a +2 trident of pain
 B - a +1 trident of freezing (weapon)
Missiles
 i - 3 javelins
 j - 33 stones
 p - 3 boomerangs (quivered)
Armour
 a - a +0 scale mail of cold resistance
 b - a +0 leather armour
 l - a +0 plate armour (worn)
 n - a +3 ring mail
 x - a +0 cloak
 y - a scarf of resistance (worn)
 A - the +0 chain mail of Tender Moments {Int+4}
   (You found it on level 3 of the Dungeon)

   Int:       It affects your intelligence (+4).
Magical Staves
 d - a staff of conjuration
 r - a staff of earth
 z - a staff of conjuration
Jewellery
 D - a +4 ring of evasion (left hand)
Wands
 q - a wand of flame (30)
 v - a wand of iceblast (2)
Scrolls
 f - 2 scrolls of teleportation
 g - a scroll of magic mapping
 k - a scroll of immolation
 u - 2 scrolls of amnesia
 E - 3 scrolls of identify
 G - a scroll of enchant weapon
Potions
 e - 3 potions of lignification
 h - 2 potions of haste
 s - 2 potions of ambrosia
 w - 4 potions of curing
 C - a potion of cancellation
 F - a potion of degeneration {unknown}
 H - 2 potions of brilliance {unknown}


   Skills:
 + Level 6.3 Fighting
 + Level 4.2 Short Blades
 + Level 4.2 Long Blades
 + Level 4.2 Axes
 + Level 4.2 Maces & Flails
 + Level 7.9 Polearms
 + Level 4.2 Staves
 + Level 4.2 Ranged Weapons
 + Level 4.2 Throwing
 + Level 4.2 Armour
 + Level 6.3 Dodging
 + Level 4.2 Stealth
 + Level 4.2 Shields
 + Level 4.2 Unarmed Combat
 + Level 6.6 Spellcasting
 + Level 6.5 Conjurations
 + Level 3.5 Hexes
 + Level 3.5 Summonings
 + Level 3.5 Necromancy
 + Level 3.5 Translocations
 + Level 3.5 Transmutations
 + Level 3.5 Fire Magic
 + Level 3.5 Ice Magic
 + Level 3.5 Air Magic
 + Level 3.5 Earth Magic
 + Level 3.5 Poison Magic
 + Level 4.7 Invocations
 + Level 4.2 Evocations


You had 21 spell levels left.
You didn't know any spells.
Your spell library contained the following spells:

 Spells                   Type           Power      Damage    Failure   Level
 Kiss of Death            Conj/Necr      80%        2d11      90%         1
 Momentum Strike          Conj/Tloc      40%        3d9       97%         2
 Hailstorm                Conj/Ice       20%        3d6       99%         3


Dungeon Overview and Level Annotations

Branches:
Dungeon (6/15)             Temple (1/1) D:4

Altars:
Elyvilon
Fedhas
Kikubaaqudgha
Makhleb
Nemelex Xobeh
Qazlal
Ru
Uskayaw
Zin
The Shining One

Shops:
D:3 (


Innate Abilities, Weirdness & Mutations

You have very sharp teeth.
You are clumsy. (Dex -2)
Your uncanny sense of smell can sniff out nearby items.
Your experience applies equally to all skills.


Message History

The orc hits you but does no damage. x2
The orc warrior hits you with a +0 long sword.
You barely miss the orc warrior. Your bite misses the orc warrior.
The orc hits you but does no damage. The orc barely misses you.
The orc warrior hits you with a +0 long sword.
You hit the orc warrior but do no damage.
You bite the orc warrior, but do no damage.
The orc hits you but does no damage. The iguana bites you.
The orc hits you with a +3 short sword. The orc warrior barely misses you.
You closely miss the iguana. The orc closely misses you.
The orc barely misses you.
The iguana bites you but does no damage.
The orc warrior hits you with a +0 long sword.
You barely miss the iguana. The orc hits you but does no damage. x2
The iguana bites you. The orc warrior barely misses you.
You closely miss the iguana. Your bite misses the iguana.
The orc closely misses you. The iguana barely misses you.
The orc warrior hits you but does no damage.
The orc hits you but does no damage.
You hit the iguana. You freeze the iguana.
The iguana is lightly wounded.
The orc hits you with a +0 club.
The iguana bites you but does no damage.
The orc warrior hits you with a +0 long sword!
The orc hits you with a +3 short sword.
* * * LOW HITPOINT WARNING * * *
You closely miss the iguana.
The iguana is lightly wounded.
Unknown command.
You hit the orc but do no damage. The orc hits you but does no damage.
The iguana barely misses you. The orc hits you with a +3 short sword.
* * * LOW HITPOINT WARNING * * *
The orc warrior hits you with a +0 long sword!
* * * LOW HITPOINT WARNING * * *
Unknown command.
As you read the scroll labelled ZASTRU OKLILONI, it crumbles to dust.
It is a scroll of enchant weapon.
Your +0 trident of freezing glows red for a moment.
The orc hits you but does no damage. The iguana bites you!
You die...

##### +###..#..#..#..#..#..#
....# ......#.....#.....#..#
###.# ...h5#...JY# ....#..#
###.#####################..#
..................)........#
..#....†............†......#
....#####################..#
....# #.....#.....#..###
~...## #..l@o#.....#..#.#
.~...# #..#oo#..#..#..#.#
...#.# #..#..#..#..#..#.#
..##.#∆ ∆ ....#.....#.....#.#
##...# .....#.....#.....#.#
.....#######################.#
##.###.......................#
#.# #..............###.######
##.# #######.###..#.# #.#


You could see an orc warrior, a howler monkey, an iguana, 2 orcs and an
ufetubus.

Vanquished Creatures
  Pikel (D:6)
  Sigmund (D:5)
  An ice beast (D:6)
  An ogre (D:5)
  A centaur (D:6)
  5 phantoms
  3 bullfrogs
  A necrophage (D:5)
  3 scorpions
  A jelly (D:4)
  5 hounds
  2 orc wizards
  4 iguanas
  7 adders
  3 gnolls (D:5)
  A shadow imp (D:6)
  A worm (D:3)
  A dart slug (D:1)
  20 orcs
  7 endoplasms
  A giant cockroach (D:2)
  6 hobgoblins
  3 quokkas
  6 ball pythons
  4 bats
  7 frilled lizards
  7 goblins
  5 kobolds
  8 rats
116 creatures vanquished.

Notes
Turn   | Place    | Note
-------+----------+-------------------------------------------
     0 | D:1      | jfcaron the Gnoll Reaver began the quest for the Orb.
     0 | D:1      | Reached XP level 1. HP: 20/20 MP: 6/6
   161 | D:1      | Reached XP level 2. HP: 14/23 MP: 5/7
  1022 | D:2      | Reached skill level 5 in Spellcasting
  1022 | D:2      | Reached XP level 3. HP: 31/31 MP: 7/9
  1171 | D:2      | Found a stormy altar of Qazlal.
  1211 | D:2      | Reached skill level 1 in Invocations
  1419 | D:2      | Reached skill level 1 in Short Blades
  1419 | D:2      | Reached skill level 1 in Long Blades
  1419 | D:2      | Reached skill level 1 in Axes
  1419 | D:2      | Reached skill level 1 in Maces & Flails
  1419 | D:2      | Reached skill level 1 in Staves
  1419 | D:2      | Reached skill level 1 in Ranged Weapons
  1419 | D:2      | Reached skill level 1 in Throwing
  1419 | D:2      | Reached skill level 1 in Armour
  1419 | D:2      | Reached skill level 1 in Stealth
  1419 | D:2      | Reached skill level 1 in Shields
  1419 | D:2      | Reached skill level 1 in Unarmed Combat
  1419 | D:2      | Reached skill level 1 in Evocations
  1636 | D:3      | Identified the +0 chain mail of Tender Moments {Int+4}
  1690 | D:3      | Noticed a bullfrog
  1712 | D:3      | Reached XP level 4. HP: 28/38 MP: 11/11
  1737 | D:3      | Killed a bullfrog
  1738 | D:3      | Reached skill level 1 in Hexes
  1738 | D:3      | Reached skill level 1 in Summonings
  1738 | D:3      | Reached skill level 1 in Necromancy
  1738 | D:3      | Reached skill level 1 in Translocations
  1738 | D:3      | Reached skill level 1 in Transmutations
  1738 | D:3      | Reached skill level 1 in Fire Magic
  1738 | D:3      | Reached skill level 1 in Ice Magic
  1738 | D:3      | Reached skill level 1 in Air Magic
  1738 | D:3      | Reached skill level 1 in Earth Magic
  1738 | D:3      | Reached skill level 1 in Poison Magic
  1738 | D:3      | Reached XP level 5. HP: 43/43 MP: 12/12
  1916 | D:3      | Found Vuleonohar's Antique Weapon Emporium.
  2551 | D:4      | Found a staircase to the Ecumenical Temple.
  2572 | Temple   | Entered the Ecumenical Temple
  2696 | Temple   | Became a worshipper of Ru the Awakened
  2967 | D:4      | Reached XP level 6. HP: 47/50 MP: 13/13
  3050 | D:4      | Reached skill level 5 in Fighting
  3050 | D:4      | Reached skill level 5 in Dodging
  3555 | D:5      | Entered Level 5 of the Dungeon
  3639 | D:5      | Found a hide-covered altar of Uskayaw.
  3640 | D:5      | Found a burning altar of Makhleb.
  3684 | D:5      | HP: 9/51 [gnoll/+0 spear (8)]
  3938 | D:5      | Reached skill level 7 in Polearms
  3938 | D:5      | Reached XP level 7. HP: 45/56 MP: 15/15
  4195 | D:5      | Gained mutation: You are clumsy. (Dex -2) [Ru sacrifice]
  4567 | D:5      | Reached XP level 8. HP: 28/63 MP: 16/16
  4779 | D:5      | Noticed Sigmund
  4782 | D:5      | Killed Sigmund
  5600 | D:6      | Noticed Pikel
  5664 | D:6      | HP: 10/64 [Pikel/+2 whip of freezing (4)]
  5678 | D:6      | Killed Pikel
  5679 | D:6      | Reached XP level 9. HP: 22/69 MP: 18/18
  6282 | D:6      | HP: 5/70 [orc warrior/+0 long sword (11)]
  6283 | D:6      | Slain by an iguana

Illustrated notes

Levels and vault maps discovered:
D:1:      dpeg_arrival_stonehenge_12_columns, layout_basic
D:2:      layout_rooms, basic_altar, minmay_misc_feat_x
D:3:      layout_loops_ring, serial_shops, shop, minmay_misc_feat_enclosed
D:4:      layout_gridville, minmay_temple_entry_fiery
D:5:      kennysheep_spiral_hall, layout_basic,
          mainiacjoe_overflow_divided_tiny, hangedman_abyss_or_decor_stabs,
          kennysheep_another_room, amcnicky_mini_rare_corridor_liquid,
          uniq_sigmund
D:6:      kennysheep_windowed_halls, layout_loops_ring, serial_rivers,
          chequers_serial_rivers_room_b, chequers_serial_rivers_small_3,
          chequers_serial_rivers_micro_c, chequers_serial_rivers_micro_c,
          chequers_serial_rivers_small_a, chequers_serial_rivers_micro_c,
          hangedman_decor_opposing, uniq_pikel
Temple:   hellmonk_temple_rainy

Skill      XL: |  1  2  3  4  5  6  7  8 |
---------------+-------------------------+-----
Spellcasting   | 5 6 |  6.6
Invocations    | 1 2 3 4 |  4.7
Short Blades   | 1 2 3 4 |  4.2
Long Blades    | 1 2 3 4 |  4.2
Axes           | 1 2 3 4 |  4.2
Maces & Flails | 1 2 3 4 |  4.2
Staves         | 1 2 3 4 |  4.2
Ranged Weapons | 1 2 3 4 |  4.2
Throwing       | 1 2 3 4 |  4.2
Armour         | 1 2 3 4 |  4.2
Stealth        | 1 2 3 4 |  4.2
Shields        | 1 2 3 4 |  4.2
Unarmed Combat | 1 2 3 4 |  4.2
Evocations     | 1 2 3 4 |  4.2
Hexes          | 1 2 3 |  3.5
Summonings     | 1 2 3 |  3.5
Necromancy     | 1 2 3 |  3.5
Translocations | 1 2 3 |  3.5
Transmutations | 1 2 3 |  3.5
Fire Magic     | 1 2 3 |  3.5
Ice Magic      | 1 2 3 |  3.5
Air Magic      | 1 2 3 |  3.5
Earth Magic    | 1 2 3 |  3.5
Poison Magic   | 1 2 3 |  3.5
Fighting       | 5 6 |  6.3
Dodging        | 5 6 |  6.3
Polearms       | 7 |  7.9
Conjurations   | 6 |  6.5

Action                   |  1- 3 |  4- 6 |  7- 9 || total
-------------------------+-------+-------+-------++-------
Melee: Spear             |   111 |    87 |       ||   198
       Staff             |    40 |       |       ||    40
       Bite              |     5 |    12 |    28 ||    45
       Punch             |     1 |     4 |     2 ||     7
       Trident           |       |   142 |   218 ||   360
Throw: Boomerang         |       |     1 |    44 ||    45
       Javelin           |       |       |     1 ||     1
 Cast: Kiss of Death     |     1 |       |       ||     1
Invok: Sacrifice Purity  |       |       |     1 ||     1
Evoke: Wand              |     4 |     4 |     3 ||    11
  Use: Potion            |       |     1 |     3 ||     4
       Scroll            |       |    11 |     5 ||    16
 Stab: Sleeping          |       |       |     1 ||     1
Armor: Leather armour    |    11 |       |       ||    11
       Plate armour      |    41 |    69 |   122 ||   232
       Skin              |       |     8 |       ||     8
       Scale mail        |       |    27 |       ||    27
Dodge: Dodged            |    37 |    41 |    57 ||   135

Table legend: (Time is in decaauts)
 A = Elapsed time spent in this place.
 B = Non-inter-level travel time spent in this place.
 C = Inter-level travel time spent in this place.
 D = Time resting spent in this place.
 E = Time spent auto-exploring this place.
 F = Levels seen in this place.
 G = Mean time per level.
                   A        B        C        D        E       F      G
               +--------+--------+--------+--------+--------+-----+--------+
         Total |   6214 |   5790 |    424 |    655 |   3928 |   7 |  887.7 |
       Dungeon |   6082 |   5665 |    417 |    655 |   3811 |   6 | 1013.7 |
        Temple |    132 |    125 |      7 |      0 |    117 |   1 |  132.0 |
               +--------+--------+--------+--------+--------+-----+--------+

Top non-repeatable levels by time:
     D:5: 1539 daAuts
     D:6: 1124 daAuts
     D:4: 1012 daAuts
     D:1: 947 daAuts
     D:3: 848 daAuts
     D:2: 610 daAuts
  Temple: 132 daAuts
